Map: Ulzaan

Players

Throwfordays - Winner!

  • Race: Zerg Zerg
  • League: Silver
  • Spawn Location: 3:00

Cthulhu - Winner!

  • Race: Protoss Protoss
  • Spawn Location: 1:00

WHAT

  • Race: Terran Terran
  • Spawn Location: 9:00

JUSToneUNIT

  • Race: Terran Terran
  • Spawn Location: 11:00

VOD

Have the link to the VOD?

Description

Time

  • Played on: Feb. 11, 2019, 9:35 p.m.
  • Length: 13:18
Show
View Real Time Build Order
Export as new Build Order

Throwfordays Zerg - Winner!

Build Orders: Pool First 

Get SALT Encoding   

  12  0:01  Drone  
  13  0:08  Drone  
  14  0:18  Overlord  
  14  0:21  Extractor  
  14  0:24  Drone  
  14  0:41  Spawning Pool  
  13  0:46  Drone  
  14  0:50  Drone  
  14  0:55  Drone  
  16  1:00  Drone  
  17  1:24  Hatchery, Drone  
  17  1:27  Drone  
  18  1:37  Queen  
  20  1:48  Drone  
  20  1:51  Zergling x2  
  22  1:54  Overlord  
  22  2:06  Overlord  
  22  2:13  Queen  
  24  2:19  Overlord  
  24  2:30  Zergling x2  
  25  2:50  Drone x2  
  27  2:57  Zergling x2  
  27  2:58  Zergling x4  
  30  2:59  Metabolic Boost  
  30  3:02  Queen  
  30  3:04  Drone x3  
  35  3:14  Roach Warren  
  35  3:17  Extractor  
  33  3:25  Drone  
  34  3:28  Drone  
  34  3:29  Drone  
  36  3:39  Drone x3  
  36  3:40  Drone  
  40  3:43  Drone x2  
  40  3:47  Drone  
  41  4:15  Drone  
  42  4:23  Drone x3  
  42  4:24  Drone x3  
  48  4:28  Extractor  
  47  4:32  Extractor  
  46  4:43  Drone x3  
  49  4:49  Overlord x2  
  49  4:59  Drone  
  51  5:00  Drone x2  
  51  5:06  Overlord x3  
  52  5:22  Evolution Chamber  
  52  5:25  Evolution Chamber  
  52  5:27  Lair  
  50  5:30  Drone x3  
  50  5:34  Roach x3  
  50  5:35  Roach x3  
  65  5:37  Roach  
  65  5:38  Roach  
  69  5:45  Hatchery  
  68  5:50  Spore Crawler  
  68  5:53  Spore Crawler  
  66  5:58  Spore Crawler  
  66  6:02  Spore Crawler  
  64  6:16  Drone x3  
  67  6:34  Zerg Missile Weapons Level 1  
  67  6:35  Zerg Ground Armor Level 1  
  67  6:37  Glial Reconstitution  
  67  6:46  Queen  
  69  6:47  Drone x5  
  69  6:48  Drone x3  
  69  6:51  Drone x2  
  69  6:52  Drone x2  
  81  7:00  Spire, Hydralisk Den  
  79  7:13  Drone  
  80  7:17  Spire  
  79  7:23  Drone x3  
  82  7:31  Drone  
  82  7:32  Drone x2  
  85  7:37  Extractor  
  85  7:39  Extractor, Drone  
  84  7:55  Tunneling Claws  
  84  7:58  Hatchery  
  83  8:06  Drone x2  
  83  8:08  Drone  
  86  8:13  Drone x3  
  86  8:17  Drone x3  
  92  8:25  Overlord x3  
  92  8:28  Zerg Flyer Weapons Level 1  
  92  8:29  Zerg Flyer Armor Level 1  
  92  8:31  Zerg Missile Weapons Level 2  
  92  8:33  Zerg Ground Armor Level 2  
  92  8:35  Grooved Spines  
  92  8:53  Extractor  
  91  8:57  Extractor  
  90  9:03  Spore Crawler  
  89  9:19  Queen  
  91  9:26  Hydralisk x3  
  91  9:29  Hydralisk x5  
  91  9:30  Hydralisk  
  109  9:33  Hydralisk x3  
  109  9:35  Hydralisk x2  
  109  9:36  Hydralisk  
  121  9:43  Drone  
  122  9:45  Hydralisk x2  
  122  9:46  Hydralisk  
  122  9:47  Muscular Augments  
  128  9:59  Overlord x3  
  128  10:02  Overlord x3  
  128  10:05  Overlord x2  
  128  10:32  Zerg Flyer Weapons Level 2  
  128  10:34  Zerg Flyer Armor Level 2  
  128  10:45  Mutalisk x5  
  128  10:46  Mutalisk  
  134  11:00  Overseer  
  131  11:10  Mutalisk x5  
  141  11:23  Infestation Pit  
  141  11:25  Drone x2  
  142  11:26  Drone  
  142  11:27  Drone  
  144  11:33  Drone x2  
  146  11:42  Overseer  
  115  12:49  Hatchery  
  114  12:51  Hatchery  
  114  12:55  Hatchery  
  114  12:57  Drone  
  114  12:58  Drone  
Show
View Real Time Build Order
Export as new Build Order

Cthulhu Protoss - Winner!

Build Orders: 1 Gate Expand, Oracle Opening 

Get SALT Encoding   

  1  0:00  Probe  
  12  0:05  Probe  
  14  0:15  Probe  
  15  0:24  Pylon  
  15  0:42  Probe  
  16  0:51  Gateway  
  16  0:52  Probe  
  17  1:01  Probe  
  17  1:08  Assimilator  
  18  1:21  Nexus  
  18  1:26  Assimilator  
  18  1:35  Probe  
  19  1:47  Cybernetics Core  
  19  1:51  Pylon  
  19  1:52  Probe  
  20  2:00  Probe  
  21  2:08  Probe  
  22  2:33  Nexus  
  22  2:38  Probe  
  22  2:40  Pylon  
  23  2:46  Probe  
  23  2:48  Probe  
  25  2:54  Warp Gate  
  25  3:00  Probe  
  26  3:06  Stargate  
  26  3:13  Stargate  
  26  3:19  Probe x2  
  28  3:29  Assimilator, Probe  
  28  3:33  Probe  
  30  3:37  Probe  
  30  3:46  Stargate  
  31  3:51  Pylon  
  31  3:59  Oracle  
  34  4:07  Protoss Air Weapons Level 1  
  34  4:09  Oracle  
  33  4:18  Probe  
  33  4:24  Probe x2  
  39  4:30  Probe  
  40  4:36  Probe x2  
  40  4:38  Assimilator  
  42  4:40  Assimilator  
  42  4:41  Oracle  
  42  4:44  Probe  
  42  4:45  Assimilator  
  43  4:48  Probe x2  
  48  5:13  Oracle  
  48  5:18  Void Ray  
  55  5:42  Phoenix  
  55  5:43  Phoenix  
  57  5:52  Forge  
  59  6:02  Pylon  
  40  6:28  Void Ray x2  
  40  6:38  Void Ray  
  52  6:42  Protoss Air Armor Level 1  
  52  6:52  Fleet Beacon  
  52  7:00  Probe x3  
  55  7:07  Pylon  
  55  7:25  Probe x2  
  55  7:26  Probe  
  58  7:33  Probe x2  
  60  7:44  Probe x2  
  60  7:45  Probe  
  60  7:46  Pylon  
  63  7:55  Tempest  
  68  7:59  Tempest  
  73  8:36  Phoenix x3  
  73  8:40  Probe x3  
  82  8:49  Anion Pulse-Crystals  
  82  8:52  Probe x2  
  84  8:58  Phoenix  
  86  9:20  Pylon  
  86  9:21  Pylon  
  86  9:22  Probe  
  86  9:23  Pylon, Probe  
  86  9:24  Pylon  
  86  9:26  Probe  
  89  9:36  Protoss Shields Level 1  
  89  9:38  Probe  
  90  9:46  Robotics Facility  
  90  9:56  Tempest x3  
  105  10:11  Protoss Air Weapons Level 2  
  105  10:15  Mothership  
  113  10:59  Observer  
  113  11:00  Tempest  
  113  11:10  Tempest  
  124  11:16  Observer  
Show
View Real Time Build Order
Export as new Build Order

WHAT Terran 

Build Orders: Banshee Rush 

Get SALT Encoding   

  12  0:01  SCV  
  13  0:13  SCV  
  14  0:21  Supply Depot  
  14  0:25  SCV  
  15  0:42  SCV  
  16  0:43  Barracks  
  16  0:52  Refinery  
  16  0:54  SCV  
  17  1:07  SCV  
  18  1:19  SCV  
  19  1:31  Orbital Command  
  19  1:32  Supply Depot  
  19  1:35  Refinery  
  19  1:55  Supply Depot  
  19  1:57  SCV  
  19  2:00  Factory  
  20  2:09  SCV  
  21  2:17  Barracks Tech Lab  
  21  2:23  SCV  
  21  2:24  Engineering Bay  
  22  2:37  Reaper  
  22  2:39  SCV  
  24  2:48  Starport  
  24  2:51  SCV  
  25  2:53  Factory Tech Lab  
  25  3:02  Missile Turret  
  25  3:03  SCV  
  26  3:21  Supply Depot  
  26  3:35  Factory Reactor, Starport  
  26  3:37  Banshee  
  26  3:40  Cloaking Field  
  29  4:00  Command Center  
  29  4:13  Starport Tech Lab  
  29  4:23  SCV  
  30  4:24  Armory  
  30  4:30  Refinery  
  30  4:34  Banshee  
  33  4:39  Banshee  
  36  4:55  Refinery  
  36  4:59  SCV  
  37  5:11  SCV  
  38  5:15  Marine, Supply Depot  
  38  5:18  Terran Ship Weapons Level 1  
  39  5:23  SCV  
  39  5:25  Starport  
  40  5:35  Marine, SCV  
  42  5:47  SCV  
  43  5:58  Supply Depot  
  43  6:20  Supply Depot  
  29  6:58  Banshee x2  
  35  7:02  Starport Tech Lab  
  35  7:05  Supply Depot  
  35  7:12  Orbital Command  
  34  7:23  Missile Turret  
  34  7:24  Missile Turret  
  34  7:25  SCV  
  35  7:36  Missile Turret  
  35  7:37  Missile Turret  
  35  7:41  Banshee x2  
  41  7:47  Banshee  
  44  8:04  SCV  
  45  8:16  SCV  
  46  8:24  Banshee x2  
  52  8:28  SCV  
  52  8:30  Banshee  
  56  8:40  SCV  
  56  8:41  Missile Turret  
  57  8:53  SCV  
  58  9:02  Fusion Core  
  58  9:05  SCV  
  58  9:07  Banshee x2  
  65  9:12  Supply Depot  
  65  9:13  Viking, Terran Ship Weapons Level 2  
  67  9:29  SCV  
  68  9:37  Supply Depot  
  68  9:41  SCV  
  68  9:43  Viking  
  71  9:49  Command Center  
  71  9:50  Viking x2  
  75  9:53  SCV  
  75  9:58  Starport  
  76  10:04  Supply Depot  
  76  10:05  SCV  
  77  10:13  Viking  
  79  10:16  Refinery  
  79  10:17  SCV  
  79  10:19  Viking  
  82  10:22  Refinery  
  82  10:29  SCV  
  79  11:22  Starport Tech Lab  
  79  11:23  Battlecruiser x3  
  97  11:44  Missile Turret  
  97  11:46  Missile Turret  
  97  11:47  Missile Turret  
  93  12:04  Battlecruiser  
  81  12:34  SCV  
  76  12:46  SCV  
  58  12:58  SCV  
Show
View Real Time Build Order
Export as new Build Order

JUSToneUNIT Terran 

Build Orders:  

Get SALT Encoding   

  12  0:02  SCV  
  13  0:14  SCV  
  14  0:21  Supply Depot  
  14  0:26  SCV  
  15  0:43  SCV  
  15  0:45  Barracks  
  16  0:55  SCV  
  17  1:00  Barracks  
  17  1:07  SCV  
  18  1:17  Supply Depot  
  18  1:22  SCV  
  19  1:26  Refinery  
  19  1:35  SCV  
  19  1:36  Refinery  
  20  1:47  SCV  
  21  1:59  SCV  
  22  2:01  Engineering Bay  
  22  2:08  Reaper  
  22  2:11  Marine  
  22  2:14  SCV  
  25  2:26  SCV  
  25  2:29  Reaper  
  27  2:38  SCV  
  27  2:39  Terran Infantry Weapons Level 1  
  27  2:40  Marine  
  29  2:50  SCV  
  30  2:56  Factory  
  30  2:58  Marine  
  31  3:15  Supply Depot  
  31  3:36  Marine, SCV  
  31  3:37  Supply Depot  
  33  3:48  SCV  
  33  3:54  Marine  
  35  4:00  Supply Depot  
  33  4:13  Marine x2  
  35  4:20  SCV  
  36  4:24  Command Center  
  36  4:28  Starport  
  36  4:31  Marine x2  
  36  4:32  SCV  
  36  4:33  Factory Tech Lab  
  39  4:44  SCV  
  40  4:49  Marine x2  
  42  4:53  Starport  
  42  4:59  Orbital Command  
  42  5:01  Terran Infantry Armor Level 1  
  43  5:20  Barracks Tech Lab  
  42  5:30  Barracks Reactor  
  42  5:32  Supply Depot  
  42  5:40  Medivac  
  42  5:41  Medivac  
  46  6:36  SCV  
  47  6:43  Marauder  
  47  6:44  Marine x2  
  47  6:47  Medivac  
  53  7:01  Sensor Tower  
  53  7:02  Marine x2  
  53  7:04  Marauder  
  53  7:08  Armory  
  57  7:13  Engineering Bay  
  57  7:19  Barracks  
  57  7:20  Marine x2  
  59  7:26  Marauder  
  59  7:28  SCV  
  62  7:37  Marine x2  
  62  7:41  SCV  
  65  7:47  Marauder  
  67  7:53  SCV  
  67  7:55  Marine x2  
  67  7:58  Command Center  
  70  8:03  Medivac  
  70  8:04  Terran Infantry Weapons Level 2  
  70  8:05  SCV, Terran Infantry Armor Level 2  
  73  8:09  Barracks, Marauder  
  75  8:13  Marine x2  
  75  8:14  Terran Vehicle And Ship Armor Level 1  
  68  9:08  Barracks Reactor  
  68  9:09  Marine x2  
  72  9:10  Barracks Tech Lab, Marauder  
  74  9:31  Marauder  
  74  9:37  Marauder  
  74  9:38  Reaper, Marine  
  78  10:03  Supply Depot  
  78  10:24  Marine x2, SCV, Marauder  
  78  10:25  Supply Depot, Marauder  
  74  10:46  Marine x2, Marauder  
  78  10:53  Marauder  
  78  11:04  Marine  
  79  11:32  Orbital Command  
  79  12:11  Marauder  
  79  12:15  Marine x2  
  79  12:25  Marauder  
  76  12:32  Marine  
  76  12:33  Marine x2  
  67  12:47  Marauder  
  67  12:50  Marauder  
  67  12:51  Marine x2  
Tags
 
Add a new tag
Caveats
  • Supply blocks, unpowered buildings, or Contaminate may cause inaccurate times.
  • Supply counts are checked every 10 seconds.